 Dungeon Crawl Stone Soup version 0.26.1-11-gd32895ea62 (webtiles) character file.

Game seed: 8865950172954901957

277 nightchill the Skirmisher (level 6, 0/49 HPs)
             Began as a Formicid Abyssal Knight on Apr 13, 2021.
             Was an Elder of Lugonu.
             Succumbed to an adder's poison
             ... in a sewer.
             The game lasted 00:06:54 (5071 turns).

nightchill the Skirmisher (Formicid Abyssal Knight) Turns: 5071, Time: 00:06:55

Health: 0/49       AC:  5    Str: 18    XL:     6   Next: 51%
Magic:  9/9        EV: 10    Int: 12    God:    Lugonu [****..]
Gold:   197        SH:  0    Dex: 10    Spells: 5/5 levels left

rFire    . . .     SeeInvis +   a - +1 hand axe
rCold    . . .     Faith    .   (no shield)
rNeg     . . .     Spirit   .   d - +0 ring mail
rPois    .         Reflect  .   (helmet unavailable)
rElec    .         Harm     .   (no cloak)
rCorr    .         Rampage  .   (no gloves)
Will     .....                  (no boots)
Stlth    ..........             (no amulet)
HPRegen  0.16/turn              (no ring)
MPRegen  0.11/turn              (no ring)

@: lethally poisoned (0 -> -5), very slow
A: permanent stasis, dig shafts and tunnels, four strong arms, antennae 3
a: Dig, Renounce Religion, Depart the Abyss, Bend Space, Banish, Corrupt


You were in a sewer.
You worshipped Lugonu.
Lugonu was greatly pleased with you.
You visited 1 branch of the dungeon, and saw 4 of its levels.
You visited the Abyss 1 time.
You also visited: Sewer.

You collected 197 gold pieces.

Inventory:

Hand Weapons
 a - a +1 hand axe (weapon)
Missiles
 j - 3 atropa-tipped darts
 l - 4 javelins
 n - 3 curare-tipped darts
Armour
 b - a +0 leather armour
 d - a +0 ring mail (worn)
Jewellery
 c - an uncursed ring of protection from fire {unknown}
Scrolls
 e - 7 scrolls of teleportation {unknown}
 i - 5 scrolls of identify {unknown}
 k - 3 scrolls of remove curse {unknown}
 p - 5 scrolls of fog {unknown}
 q - a scroll of noise {unknown}
 r - a scroll of magic mapping {unknown}
 s - a scroll of random uselessness {unknown}
Potions
 f - 2 potions of brilliance
 g - a potion of magic {unknown}
 h - a potion of curing {unknown}
 m - a potion of lignification {unknown}
 o - 4 potions of might {unknown}
 t - a potion of heal wounds {unknown}


   Skills:
 + Level 4.7 Fighting
 * Level 4.6 Axes
 - Level 2.1 Armour
 - Level 0.8 Dodging
 + Level 4.1 Invocations


You had 5 spell levels left.
You didn't know any spells.
Your spell library was empty.

Dungeon Overview and Level Annotations

Branches:
Dungeon (4/15)              Sewer (1/1)
 Temple: D:4-7

Altars:
Vehumet
Yredelemnul

Annotations:
D:2 1 runed translucent door, exclusion: downstairs, Crazy Yiuf


Innate Abilities, Weirdness & Mutations

You cannot be hasted, slowed, berserked, paralysed or teleported.
You can dig through walls and to a lower floor.
Your four strong arms can wield two-handed weapons with a shield.
You have a pair of large antennae on your head. (SInv)


Message History

The ball python barely misses you. The ball python grabs you.
The ball python constricts you. The bullfrog barely misses you.
You escape the ball python's grasp.
You feel sick. The adder barely misses you.
The adder bites you but does no damage. The bullfrog hits you.
* * * LOW HITPOINT WARNING * * *
The bullfrog releases a deep croak.
The bullfrog barely misses you. The adder closely misses you.
The adder bites you but does no damage. The bullfrog hits you.
* * * LOW HITPOINT WARNING * * *
The bullfrog hits you.
* * * LOW HITPOINT WARNING * * *
The ball python closely misses you. The ball python misses you.
The adder bites you but does no damage.
* * * LOW HITPOINT WARNING * * *
You feel sick. The bullfrog closely misses you.
The bullfrog hits you but does no damage.
The bullfrog closely misses you. The adder bites you.
* * * LOW HITPOINT WARNING * * *
The bullfrog closely misses you.
You die...

#†≈≈≈≈≈# #≈≈≈≈≈≈#
#≈.≈≈≈≈# #≈≈≈≈≈≈#
#≈.≈≈≈≈# #≈≈≈..≈#
#≈≈#≈≈≈# #≈.[(.≈#
#≈≈≈l≈≈# ##†...##
#≈≈SS≈≈# #≈††≈≈≈#
#≈≈SFF≈# #≈≈≈≈≈≈#
#≈≈S≈≈≈# #≈≈≈≈≈≈#
#≈≈≈@≈≈# #≈≈≈≈≈≈#
#≈≈≈≈≈≈##### #≈≈≈≈≈≈#
##...≈###..# ##≈.≈≈##
#......##..###......#
##......##'##......##
#.........#.......#
##...............##
####.........####
####...####


You could see 2 bullfrogs, 2 adders, 2 ball pythons and a frilled lizard.

Vanquished Creatures
  A scorpion (D:4)
  Robin (D:2)
  6 adders
  3 river rats (Sewer)
  A shadow imp (D:3)
  An ooze (Sewer)
  4 worms
  A dart slug (D:1)
  4 leopard geckos
  An orc (D:3)
  6 bats
  A giant cockroach (D:1)
  12 goblins
  13 hobgoblins
  7 jackals
  9 kobolds
  10 ball pythons (Sewer)
  3 frilled lizards
  32 rats
  A spectral orc (D:2)
117 creatures vanquished.

Notes
Turn   | Place    | Note
-------+----------+-------------------------------------------
     0 | Abyss:1  | nightchill the Formicid Abyssal Knight began the quest for
                  | the Orb.
     0 | Abyss:1  | Reached XP level 1. HP: 18/18 MP: 2/2
     4 | D:1      | Escaped the Abyss
   122 | D:1      | Reached XP level 2. HP: 24/24 MP: 3/3
   306 | D:1      | Reached ** piety under Lugonu
   307 | D:1      | Reached XP level 3. HP: 26/29 MP: 4/4
  1075 | D:2      | Reached XP level 4. HP: 19/37 MP: 6/6
  1433 | D:2      | Noticed Robin
  1475 | D:2      | Killed Robin
  1983 | D:2      | Found a runed translucent door.
  1984 | D:2      | Noticed Crazy Yiuf
  2102 | D:2      | Found a basalt altar of Yredelemnul.
  2868 | D:3      | Reached XP level 5. HP: 41/42 MP: 7/7
  3055 | D:3      | Reached *** piety under Lugonu
  3382 | D:3      | Found a radiant altar of Vehumet.
  3466 | D:3      | Noticed an ogre
  3996 | D:4      | Found a glowing drain.
  4018 | D:4      | Reached XP level 6. HP: 49/49 MP: 8/8
  4023 | Sewer    | Entered a sewer
  4900 | Sewer    | Reached **** piety under Lugonu
  5070 | Sewer    | HP: 1/49 [adder (2)]
  5071 | Sewer    | Succumbed to an adder's poison

Illustrated notes

Levels and vault maps discovered:
D:1:      lightli_arrival_lavapool, layout_basic, palyth_stone_intersect
D:2:      layout_loops_corners, yredelemnul_forgotten_temple_becter,
          solitary_fountain, uniq_robin, uniq_crazy_yiuf_cottage
D:3:      wander_river, layout_loops_ring, gammafunk_temple_overflow_claw,
          lemuel_round_altar
D:4:      layout_loops_ring, cheibrodos_sewer_entry_drain, serial_shops, shop,
          minivault_1, pf_just_have_faith, uniq_ijyb, uniq_edmund
Sewer:    sewer_minmay_w

Skill      XL: |  1  2  3  4  5  6 |
---------------+-------------------+-----
Axes           | 3 4 |  4.6
Invocations    | 3 4 |  4.1
Fighting       | 4 |  4.7
Armour         | |  2.1
Dodging        | |  0.8

Action                   |  1- 3 |  4- 6 || total
-------------------------+-------+-------++-------
Melee: Hand axe          |    94 |   282 ||   376
 Abil: Dig               |       |     4 ||     4
  Use: Potion            |       |     3 ||     3
Armor: Leather armour    |     3 |       ||     3
       Ring mail         |    44 |   111 ||   155
Dodge: Dodged            |    72 |   177 ||   249
